 Dungeon Crawl Stone Soup version 0.17-b1-33-gd9cf236 (console) character file.

1194 Kloppie the Covered (level 8, 0/73 HPs)
             Began as a Minotaur Fighter on Nov 6, 2015.
             Succumbed to Sigmund's poison
             ... on level 6 of the Dungeon.
             The game lasted 00:10:31 (3347 turns).

Kloppie the Covered (Minotaur Fighter)              Turns: 3347, Time: 00:10:31

Health: 0/73       AC:  8    Str: 28    XL:     8   Next: 20%
Magic:  7/7        EV:  7    Int:  5    God:
Gold:   212        SH: 10    Dex: 10    Spells: 0 memorised, 7 levels left

rFire  + . .     SeeInvis .     a - +0 long sword
rCold  + . .     Clarity  .     b - +0 scale mail
rNeg   . . .     SustAt   .     c - +0 shield
rPois  +         Gourm    .     (helmet restricted)
rElec  +         Spirit   .     (no cloak)
rCorr  +         Warding  .     (no gloves)
rMut   .         Stasis   .     (no boots)
MR     .....                    (no amulet)
Stlth  ..........               (no ring)
                                f - ring of flight

@: mighty, lethally poisoned (0 -> -15), exhausted, resistant, very slightly
contaminated, hasted and slowed, not resistant to hostile enchantments,
extremely unstealthy
A: retaliatory headbutt, horns 2
a: Evoke Flight


You were on level 6 of the Dungeon.
You were hungry.

You visited 1 branch of the dungeon, and saw 6 of its levels.

You collected 212 gold pieces.

Inventory:

Hand Weapons
 a - a +0 long sword (weapon)
Armour
 b - a +0 scale mail (worn)
 c - a +0 shield (worn)
Jewellery
 f - a ring of flight (left hand)
Scrolls
 g - 2 scrolls of amnesia
 k - a scroll of vulnerability {unknown}
 l - 3 scrolls of remove curse
Potions
 n - a potion of brilliance
Comestibles
 e - 3 bread rations
 i - 4 meat rations
 q - 2 beef jerkies


   Skills:
 + Level 7.6 Fighting
 + Level 7.0 Long Blades
 + Level 7.9 Armour
 - Level 3.6 Shields


You had 7 spell levels left.
You didn't know any spells.

Dungeon Overview and Level Annotations

Branches:
Dungeon (6/15)
 Temple: D:4-7

Altars:
Ru

Shops:
D:5 :


Innate Abilities, Weirdness & Mutations

You reflexively headbutt those who attack you in melee.
You have a pair of horns on your head.


Message History

You are no longer berserk.
You are exhausted.
You feel yourself slow down.
You are feeling hungry.
* * * LOW HITPOINT WARNING * * *
You feel sick.
Drink which item? (? for menu, Esc to quit)
You feel protected.
* * * LOW HITPOINT WARNING * * *
You feel very sick.
Drink which item? (? for menu, Esc to quit)
You feel yourself speed up.
* * * LOW HITPOINT WARNING * * *
You feel very sick.
You are very lightly contaminated with residual magic.
* * * LOW HITPOINT WARNING * * *
You feel sick.
* * * LOW HITPOINT WARNING * * *
You feel sick.
You die...

#. . . #.
#.#################
####.....@..)...(....#
#......)...########..#####
...........# #>..........
#..........# #...........
#..........# #.###..#####
#..........# #.###..#
#..........# #......#
#..........# #####..#
#..........# #..#


There were no monsters in sight!

Vanquished Creatures
  Sigmund (D:6)
  Edmund (D:4)
  5 ogres
  A centaur (D:5)
  A quasit (D:5)
  A crimson imp (D:5)
  2 jellies (D:5)
  A centaur zombie (D:5)
  An orc priest (D:3)
  3 worker ants
  A hound skeleton (D:4)
  4 gnolls (D:5)
  3 adders
  A shadow imp (D:5)
  2 oozes (D:1)
  2 worms (D:2)
  2 giant geckos
  3 orcs
  5 bats
  4 giant cockroaches
  6 hobgoblins
  9 jackals
  3 quokkas
  8 giant newts
  4 goblins
  5 kobolds
  A quokka zombie (D:5)
  5 rats
85 creatures vanquished.

Notes
Turn   | Place    | Note
--------------------------------------------------------------
     0 | D:1      | Kloppie the Minotaur Fighter began the quest for the Orb.
     0 | D:1      | Reached XP level 1. HP: 19/19 MP: 0/0
   170 | D:1      | Reached skill level 4 in Fighting
   170 | D:1      | Reached XP level 2. HP: 22/27 MP: 1/1
   623 | D:1      | Reached XP level 3. HP: 33/33 MP: 2/2
   885 | D:2      | Reached XP level 4. HP: 31/41 MP: 3/3
  1179 | D:3      | Reached skill level 5 in Armour
  1507 | D:4      | Reached XP level 5. HP: 41/47 MP: 4/4
  1579 | D:4      | Noticed an ogre
  1591 | D:4      | Killed an ogre
  1591 | D:4      | Reached skill level 5 in Fighting
  1794 | D:4      | Noticed Edmund
  1806 | D:4      | Killed Edmund
  1806 | D:4      | Reached skill level 5 in Long Blades
  1806 | D:4      | Reached XP level 6. HP: 17/57 MP: 5/5
  2059 | D:4      | Reached skill level 6 in Armour
  2066 | D:4      | Noticed an ogre
  2078 | D:4      | Killed an ogre
  2126 | D:4      | Found a sacrificial altar of Ru.
  2165 | D:5      | Entered Level 5 of the Dungeon
  2251 | D:5      | Reached XP level 7. HP: 44/63 MP: 6/6
  2875 | D:5      | Reached skill level 7 in Armour
  2938 | D:5      | Found Viytel's Book Boutique.
  3308 | D:6      | Noticed Sigmund
  3320 | D:6      | Reached XP level 8. HP: 23/73 MP: 7/7
  3335 | D:6      | Killed Sigmund
  3345 | D:6      | HP: 3/73 [poisoned by Sigmund]
  3347 | D:6      | Succumbed to Sigmund's poison

Action                   |  1- 3 |  4- 6 |  7- 9 || total
-------------------------+-------+-------+-------++-------
Melee: Long sword        |    99 |    86 |    70 ||   255
       Great sword       |       |       |     9 ||     9
  Use: Scroll            |       |       |    13 ||    13
       Potion            |       |       |     7 ||     7
  Eat: Chunk             |       |     5 |     3 ||     8
